 Dungeon Crawl Stone Soup version 0.31-a0-544-gceb718ecc6 (webtiles) character file.

Game seed: 15914488462703929339

81 Shayle the Trooper (level 4, -1/67 HPs)
             Began as an Ogre Shapeshifter on Aug 15, 2023.
             Succumbed to an adder's poison
             ... on level 3 of the Dungeon.
             The game lasted 00:06:19 (1657 turns).

Shayle the Trooper (Ogre Shapeshifter)              Turns: 1657, Time: 00:06:20

Health: -1/67      AC: 22    Str: 19    XL:     4   Next: 40%
Magic:  3/7        EV:  1    Int: 11    God:
Gold:   134        SH:  0    Dex:  9    Spells: 7/7 levels left

rFire   . . .        m - +2 dagger (drain)
rCold   . . .        (no shield)
rNeg    . . .        a - melded +0 animal skin
rPois   +            (helmet currently unavailable)
rElec   .            (cloak currently unavailable)
rCorr   .            (gloves unavailable)
SInv    .            (boots unavailable)
Will    +....        i - amulet of guardian spirit
Stlth   +            (no ring)
HPRegen 0.31/turn    (no ring)
MPRegen 0.10/turn

%: guardian spirit
@: lethally poisoned (-1 -> -7), tree-form, enlightened
A: stationary, stasis, torment immunity, boosted hp, large, unfitting armour,
(tough skin 1)
a: no special abilities


You were on level 3 of the Dungeon.
You were a tree.
You visited 1 branch of the dungeon, and saw 3 of its levels.

You collected 134 gold pieces.

Inventory:

Hand Weapons
 m - a +2 dagger of draining (weapon)
Armour
 a - a +0 animal skin (melded)
Jewellery
 i - an amulet of guardian spirit (around neck)
Talismans
 c - a beast talisman
 d - a flux talisman
Scrolls
 e - a scroll of amnesia {unknown}
 f - a scroll of enchant armour {unknown}
 g - 4 scrolls of fog {unknown}
 h - a scroll of teleportation {unknown}
 k - 2 scrolls of identify {unknown}
 l - a scroll of fear {unknown}


   Skills:
 + Level 3.4 Fighting
 - Level 1.7 Dodging
 + Level 3.4 Unarmed Combat
 + Level 2.2 Spellcasting
 - Level 3.0 Shapeshifting


You had 7 spell levels left.
You didn't know any spells.
Your spell library contained the following spells:

 Spells                   Type           Power      Damage    Failure   Level
 Lesser Beckoning         Tloc           2%         N/A       41%         2
 Gell's Gravitas          Tloc           1%         N/A       65%         3
 Teleport Other           Tloc           1%         N/A       65%         3


Dungeon Overview and Level Annotations

Branches:
Dungeon (3/15)

Altars:


Innate Abilities, Weirdness & Mutations

You are a tree.
Your roots penetrate the ground, keeping you stationary.
You cannot be teleported.
You are immune to unholy pain and torment.
Your maximum health is greatly increased.
Your equipment is partially melded.
You are too large for most types of armour.
((You have tough skin. (AC +1)))


Message History

The adder poisons you! The adder bites you.
* * * LOW HITPOINT WARNING * * *
You are lethally poisoned!
The adder poisons you!
You are too injured to fight recklessly!
It was a potion of enlightenment.
You feel very buoyant.
You fly up into the air.
* * * LOW HITPOINT WARNING * * *
You feel very sick. The adder bites you.
* * * LOW HITPOINT WARNING * * *
You are more poisoned.
The adder poisons you! The adder barely misses you.
The adder closely misses you.
Your transformation has ended.
You turn into a tree.
Your +0 animal skin melds into your body.
Your roots penetrate the ground.
* * * LOW HITPOINT WARNING * * *
You feel very sick. The adder bites you.
* * * LOW HITPOINT WARNING * * *
The adder bites you but does no damage. x2
You hit the adder but do no damage. You drain the adder.
You kill the adder!
* * * LOW HITPOINT WARNING * * *
You feel very sick. The adder bites you but does no damage.
You cannot move.
You hit the adder.
You kill the adder!
* * * LOW HITPOINT WARNING * * *
You feel very sick.
A gnoll sergeant comes into view. It is wielding a +2 trident of pain.
* * * LOW HITPOINT WARNING * * *
You feel sick.
There is a lethal amount of poison in your body!
There is a lethal amount of poison in your body!
You die...

#.# #..# #.# #..#
##.
####.#########..#
..#.
...#............#
....#
##.#.#######.#..#
..... #......#
#.#..# ......
.......#
#.#.###......
#......#
#.#.†#.......
..)....#
#.#..♣.......
####.###
#.##########...
#.# #.# #.## ##'##
.#. #... ##...##
#..# ##.....##
#..#####.
#.......##
........
.........#
.##########....###
.........+
..<...............


There were no monsters in sight!

Vanquished Creatures
  3 adders (D:3)
  5 orcs (D:3)
  A bat (D:2)
  6 endoplasms
  6 goblins
  6 hobgoblins
  3 jackals (D:2)
  2 quokkas
  A frilled lizard (D:1)
  6 kobolds (D:2)
  5 rats
44 creatures vanquished.

Notes
Turn   | Place    | Note
-------+----------+-------------------------------------------
     0 | D:1      | Shayle the Ogre Shapeshifter began the quest for the Orb.
     0 | D:1      | Reached XP level 1. HP: 19/19 MP: 1/1
   453 | D:1      | Reached XP level 2. HP: 25/28 MP: 1/3
   539 | D:2      | Reached skill level 1 in Spellcasting
   916 | D:2      | Reached XP level 3. HP: 36/36 MP: 5/5
  1405 | D:3      | Reached XP level 4. HP: 14/45 MP: 4/7
  1655 | D:3      | HP: 3/67 [poisoned by an adder]
  1655 | D:3      | Noticed a gnoll sergeant
  1656 | D:3      | HP: 1/67 [poisoned by an adder]
  1657 | D:3      | Succumbed to an adder's poison

Illustrated notes

Levels and vault maps discovered:
D:1:      wander_arrival_chamber, layout_basic
D:2:      layout_basic
D:3:      layout_loops_corners, nicolae_half_adder, uniq_jessica

Skill      XL: |  1  2  3 |
---------------+----------+-----
Fighting       | 2 3 |  3.4
Spellcasting   | 1 2 |  2.2
Unarmed Combat | 3 |  3.4
Dodging        | |  1.7
Shapeshifting  | |  3.0

Action                     |  1- 3 |  4- 6 || total
---------------------------+-------+-------++-------
  Melee: Unarmed           |    85 |       ||    85
         Dagger            |    33 |    25 ||    58
    Use: Potion            |     1 |     2 ||     3
 Armour: Animal skin       |    26 |    12 ||    38
         Skin              |     8 |     3 ||    11
  Dodge: Dodged            |    50 |    11 ||    61

Table legend: (Time is in decaauts)
 A = Elapsed time spent in this place.
 B = Non-inter-level travel time spent in this place.
 C = Inter-level travel time spent in this place.
 D = Time resting spent in this place.
 E = Time spent auto-exploring this place.
 F = Levels seen in this place.
 G = Mean time per level.
                   A        B        C        D        E       F      G
               +--------+--------+--------+--------+--------+-----+--------+
         Total |   1651 |   1632 |     19 |    215 |   1038 |   3 |  550.3 |
       Dungeon |   1651 |   1632 |     19 |    215 |   1038 |   3 |  550.3 |
               +--------+--------+--------+--------+--------+-----+--------+

Top non-repeatable levels by time:
     D:2: 841 daAuts
     D:1: 519 daAuts
     D:3: 290 daAuts
